 Dungeon Crawl Stone Soup version 0.20.1-1-g8b1a95d (webtiles) character file.

150 letownia2 the Grave Robber (level 5, 0/42 HPs)
             Began as a Deep Dwarf Necromancer on Nov 12, 2017.
             Killed from afar by Dowan (10 damage)
             ... with a puff of frost
             ... on level 4 of the Dungeon on Nov 13, 2017.
             The game lasted 00:03:45 (1224 turns).

letownia2 the Grave Robber (Deep Dwarf Necromancer) Turns: 1224, Time: 00:03:46

Health: 0/42       AC:  3    Str: 12    XL:     5   Next: 10%
Magic:  6/9        EV: 12    Int: 16    God:
Gold:   36         SH:  0    Dex: 13    Spells: 6/10 levels left

rFire    . . .     SeeInvis .   a - +2 flail (holy)
rCold    . . .     Gourm    .   (no shield)
rNeg     . . .     Faith    .   i - +0 leather armour
rPois    .         Spirit   .   (no helmet)
rElec    .         Reflect  .   (no cloak)
rCorr    +         Harm     .   (no gloves)
MR       .....                  (no boots)
Stlth    +.........             (no amulet)
Regen    0.0/turn               f - ring of resist corrosion
MPRegen  0.2/turn               (no ring)

@: non-regenerating, glowing
A: damage resistance, heal wounds, sense surroundings 1, no regeneration
a: Heal Wounds


You were on level 4 of the Dungeon.
You were not hungry.

You visited 1 branch of the dungeon, and saw 4 of its levels.

You collected 36 gold pieces.

Inventory:

Hand Weapons
 a - a +2 flail of holy wrath (weapon)
 k - a +0 dagger
Missiles
 h - 4 tomahawks (quivered)
Armour
 i - a +0 leather armour (worn)
Jewellery
 f - a ring of resist corrosion (left hand)
Wands
 l - a wand of random effects (22/48)
Scrolls
 d - a scroll of identify {unknown}
 m - a scroll of blinking {unknown}
Potions
 e - a potion of heal wounds {unknown}
 g - a potion of flight {unknown}
Books
 b - a book of Necromancy

   Spells                             Type                      Level
   a - Pain                           Necromancy                   1
   b - Animate Skeleton               Necromancy                   1
   c - Vampiric Draining              Necromancy                   3
   d - Regeneration                   Charms/Necromancy            3
   e - Animate Dead                   Necromancy                   4
   f - Control Undead                 Necromancy                   4
Comestibles
 c - 2 bread rations
 j - 4 chunks of flesh


   Skills:
 - Level 2.2 Dodging
 - Level 2.5 Stealth
 + Level 3.2 Spellcasting
 + Level 5.9 Necromancy


You had 6 spell levels left.
You knew the following spells:

 Your Spells              Type           Power        Failure   Level  Hunger
a - Pain                  Necr           ###.         1%          1    None
v - Vampiric Draining     Necr           ###.......   6%          3    ###....


Dungeon Overview and Level Annotations

Branches:
Dungeon (4/15)
 Temple: D:4-7

Altars:

Annotations:
D:4 Dowan, Duvessa


Innate Abilities, Weirdness & Mutations

You are resistant to damage.
You can heal yourself by infusing magical energy.
You passively map a small area around you.
You do not regenerate.


Message History

Menkaure is moderately damaged.
Menkaure hits you.
Dowan says, "Magic and the sword, together, will defeat you."
Menkaure sighs a few words.
Menkaure hits you.
Unknown command.
You sock Menkaure!
Menkaure convulses.
Menkaure is almost destroyed.
Menkaure hits you!
* * * LOW HITPOINT WARNING * * *
Unknown command.
You hit Menkaure.
Menkaure convulses.
You destroy Menkaure!
Your Spellcasting skill increases to level 3!
You have reached level 4!
You feel stronger.
You have reached level 5!
Dowan points at you and mumbles some strange words.
The puff of frost hits you!
You die...

* * ,## , , * ,
.###** * ,
,#... * # *
..#* ** * *
#.###.######
#........... ,
#....##.### , *
, ###.#.@...# *
, #.#.....#
#...e.......,,
* * *
#.#.....###. ,
,,...#.s...# ,
###.##.####*###
#. #.# *...#.#
#.##.####......
#......e..%....
*


You could see Dowan and a scorpion.

Vanquished Creatures
  Menkaure (D:4)
  An adder (D:3)
  2 oozes (D:3)
  4 orcs (D:3)
  3 bats
  A giant cockroach (D:3)
  3 hobgoblins
  3 frilled lizards
  2 goblins
  A kobold (D:2)
  A rat (D:3)
22 creatures vanquished.

Notes
Turn   | Place    | Note
-------+----------+-------------------------------------------
     0 | D:1      | letownia2 the Deep Dwarf Necromancer began the quest for the Orb.
     0 | D:1      | Reached XP level 1. HP: 15/15 MP: 3/3
   750 | D:3      | Reached XP level 2. HP: 22/22 MP: 2/4
   909 | D:3      | Reached skill level 5 in Necromancy
  1022 | D:3      | Reached XP level 3. HP: 28/28 MP: 0/6
  1128 | D:4      | Noticed Duvessa
  1128 | D:4      | Noticed Menkaure
  1130 | D:4      | Noticed a scorpion
  1212 | D:3      | Learned a level 3 spell: Vampiric Draining
  1220 | D:4      | Noticed Dowan
  1224 | D:4      | Killed Menkaure
  1224 | D:4      | Reached XP level 4. HP: 9/36 MP: 6/8
  1224 | D:4      | Reached XP level 5. HP: 10/42 MP: 6/9
  1224 | D:4      | Killed from afar by Dowan

Skill      XL: |  1  2  3 |
---------------+----------+-----
Spellcasting   | 2 3 |  3.2
Necromancy     | 5 |  5.9
Dodging        | |  2.2
Stealth        | |  2.5

Action                   |  1- 3 |  4- 6 || total
-------------------------+-------+-------++-------
Melee: Dagger            |     5 |       ||     5
       Flail             |     9 |       ||     9
Throw: Tomahawk          |     7 |       ||     7
 Cast: Pain              |    40 |       ||    40
  Eat: Chunk             |     2 |       ||     2
Armor: Robe              |     1 |       ||     1
       Leather armour    |     8 |       ||     8
Dodge: Dodged            |    29 |       ||    29
